 Dungeon Crawl Stone Soup version 0.29.1-1-gd02db69 (webtiles) character file.

Game seed: 1971204323614522114

319 Kel the Slasher (level 6, -2/47 HPs)
             Began as a Demonspawn Abyssal Knight on Mar 21, 2023.
             Was a Believer of Lugonu.
             Slain by Crazy Yiuf
             ... wielding a +2 quarterstaff of chaos
              (20 damage)
             ... on level 2 of the Dungeon.
             The game lasted 00:07:11 (3016 turns).

Kel the Slasher (Demonspawn Abyssal Knight)         Turns: 3016, Time: 00:07:12

Health: -2/47      AC:  4    Str: 15    XL:     6   Next: 21%
Magic:  7/7        EV: 13    Int: 11    God:    Lugonu [**....]
Gold:   117        SH:  0    Dex: 14    Spells: 5/5 levels left

rFire   . . .      SeeInvis .   a - +1 falchion
rCold   . . .      Faith    .   (no shield)
rNeg    + . .      Spirit   .   b - +0 leather armour
rPois   .          Reflect  .   (no helmet)
rElec   .          Harm     .   (no cloak)
rCorr   .          Rampage  .   (no gloves)
Will    .....                   h - +0 pair of boots
Stlth   +.........              (no amulet)
HPRegen 0.15/turn               n - ring of positive energy
MPRegen 0.20/turn               (no ring)

@: no status effects
A: claws 1, repulsion field 1, magic regeneration
a: Renounce Religion, Depart the Abyss, Bend Space


You were on level 2 of the Dungeon.
You worshipped Lugonu.
Lugonu was pleased with you.
You visited 1 branch of the dungeon, and saw 2 of its levels.
You visited the Abyss 1 time.

You collected 117 gold pieces.

Inventory:

Hand Weapons
 a - a +1 falchion (weapon)
Armour
 b - a +0 leather armour (worn)
 h - a +0 pair of boots (worn)
Jewellery
 n - a ring of positive energy (left claw)
Wands
 j - a wand of light (10)
 k - a wand of polymorph (9)
Scrolls
 d - a scroll of identify {unknown}
 i - a scroll of butterflies {unknown}
 m - a scroll of enchant armour {unknown}
 o - a scroll of immolation {unknown}
Potions
 c - a potion of attraction {unknown}
 e - a potion of heal wounds {unknown}
 f - a potion of invisibility {unknown}
 g - a potion of brilliance {unknown}
 l - 3 potions of curing {unknown}


   Skills:
 - Level 3.0 Fighting
 + Level 6.0 Long Blades
 - Level 1.8 Armour
 - Level 1.0 Dodging
 - Level 2.5 Invocations


You had 5 spell levels left.
You didn't know any spells.
Your spell library contained the following spells:

 Spells                   Type           Power      Damage    Failure   Level
 Magic Dart               Conj           0%         1d3       41%         1
 Searing Ray              Conj           0%         2d4       54%         2
 Fulminant Prism          Conj/Hex       0%         3d6       99%         4


Dungeon Overview and Level Annotations

Branches:
Dungeon (2/15)

Altars:

Annotations:
D:2 Crazy Yiuf


Innate Abilities, Weirdness & Mutations

You have sharp fingernails.
You are surrounded by a mild repulsion field. (EV +2)
You regenerate magic rapidly.


Message History

o - a +0 scythe You drop a +0 scythe.
Found a stone staircase leading down.
Found a hand axe.
o - a scroll labelled OMEVEP BULA You see here a +0 hand axe.
Found a runed translucent door.
Crazy Yiuf shouts!
You see here a +0 hand axe.
A bat comes into view.
The bat barely misses you. The bat closely misses you.
The bat hits you but does no damage.
You closely miss the bat. The bat closely misses you.
You slash the bat!
You kill the bat!
Lugonu accepts your kill.
No target in view!
No target in view!
You see here a bat corpse.
You see here a +0 hand axe.
Crazy Yiuf shouts!
You open the door.
Crazy Yiuf drinks a potion.
Crazy Yiuf seems to grow stronger.
Crazy Yiuf hits you with a +2 quarterstaff of chaos!!
Crazy Yiuf burns you!
There is an open translucent door, spattered with blood here.
You hit Crazy Yiuf.
Crazy Yiuf is moderately wounded.
Crazy Yiuf closely misses you.
You closely miss Crazy Yiuf.
Crazy Yiuf is moderately wounded.
Crazy Yiuf barely misses you.
You hit Crazy Yiuf but do no damage.
Crazy Yiuf is moderately wounded.
Crazy Yiuf closely misses you.
You hit Crazy Yiuf but do no damage.
Crazy Yiuf is moderately wounded.
Crazy Yiuf cries, "You leg down broken song, no?"
Crazy Yiuf hits you with a +2 quarterstaff of chaos!!
You die...

.....###
########........### #.
##.....###.....#.....#####
#. ##.....##.............#
#. #......#..#############
#. #.######..# #. ..# #..#
#. ### #..# #### ♣♣#### #.
#..# #)..#♣♣ ♣♣.#..#####.
#..# #..g@.♣♣♣♣.........#.
##.# #...#♣..♣......###...
### #### ♣♣♣.♣..#.## ####
♣♣♣♣♣###


You could see Crazy Yiuf (strong).

Vanquished Creatures
  Sigmund (D:2)
  Jessica (D:2)
  Natasha (thrice) (D:2)
  3 gnolls
  An adder (D:2)
  A dart slug (D:2)
  An endoplasm (D:1)
  A giant cockroach (D:2)
  A hobgoblin (D:1)
  2 kobolds
  2 quokkas
  3 ball pythons (D:2)
  A bat (D:2)
  2 frilled lizards
  3 goblins (D:1)
  3 rats
29 creatures vanquished.

Notes
Turn   | Place    | Note
-------+----------+-------------------------------------------
     0 | Abyss:1  | Kel the Demonspawn Abyssal Knight began the quest for the
                  | Orb.
     0 | Abyss:1  | Reached XP level 1. HP: 18/18 MP: 2/2
    75 | Abyss:1  | Noticed a lich
    99 | Abyss:1  | Found a corrupted altar of Lugonu.
   112 | Abyss:1  | Noticed a wretched star
   158 | Abyss:1  | Noticed a raiju
   167 | Abyss:1  | Noticed a thrashing horror
   168 | D:1      | Escaped the Abyss
   407 | D:1      | Reached skill level 1 in Dodging
   422 | D:1      | Reached skill level 2 in Long Blades
   972 | D:1      | Reached ** piety under Lugonu
   973 | D:1      | Gained mutation: You have sharp fingernails. [demonic
                  | ancestry]
   973 | D:1      | Reached XP level 2. HP: 24/24 MP: 3/3
  1451 | D:2      | Noticed Natasha
  1460 | D:2      | Killed Natasha
  1461 | D:2      | Reached skill level 3 in Long Blades
  1461 | D:2      | Reached XP level 3. HP: 8/29 MP: 4/4
  1464 | D:2      | Noticed Natasha
  1704 | D:2      | Killed Natasha
  1936 | D:2      | Noticed Natasha
  1946 | D:2      | Killed Natasha
  1947 | D:2      | Reached skill level 4 in Long Blades
  1947 | D:2      | Gained mutation: You regenerate magic rapidly. [demonic
                  | ancestry]
  1947 | D:2      | Reached XP level 4. HP: 28/35 MP: 5/5
  2438 | D:2      | Noticed Jessica
  2447 | D:2      | Killed Jessica
  2448 | D:2      | Reached XP level 5. HP: 41/41 MP: 6/6
  2648 | D:2      | Noticed Sigmund
  2669 | D:2      | Killed Sigmund
  2670 | D:2      | Reached skill level 6 in Long Blades
  2670 | D:2      | Gained mutation: You are surrounded by a mild repulsion
                  | field. (EV +2) [demonic ancestry]
  2670 | D:2      | Reached XP level 6. HP: 24/47 MP: 7/7
  2869 | D:2      | Found a runed translucent door.
  2870 | D:2      | Noticed Crazy Yiuf
  3016 | D:2      | Slain by Crazy Yiuf

Illustrated notes

Levels and vault maps discovered:
D:1:      lemuel_arrival_hallway, layout_basic, nrook_uturn, bh_walls_and_bars
D:2:      layout_rooms, uniq_jessica, uniq_sigmund, uniq_crazy_yiuf_cottage,
          uniq_natasha

Skill      XL: |  1  2  3  4  5 |
---------------+----------------+-----
Dodging        | 1 |  1.0
Long Blades    | 2 3 4 6 |  6.0
Fighting       | |  3.0
Armour         | |  1.8
Invocations    | |  2.5

Action                   |  1- 3 |  4- 6 || total
-------------------------+-------+-------++-------
Melee: Falchion          |    45 |    53 ||    98
Invok: Depart the Abyss  |     1 |       ||     1
Armor: Leather armour    |     7 |     6 ||    13
       Skin              |       |    15 ||    15
Dodge: Dodged            |    19 |    19 ||    38
